[Event "Live Chess"]
[Site "Chess.com"]
[Date "2024.06.02"]
[Round "-"]
[White "Ferrarifan27"]
[Black "RockTroll"]
[Result "0-1"]
[WhiteElo "2141"]
[BlackElo "2178"]
[TimeControl "300"]
[EndTime "1:39:48 PDT"]
[Termination "RockTroll won by resignation"]

1. e4 c6 2. d4 d5 3. e5 Bf5 4.
h4 h5 5. Bg5 Qb6 6. Bd3 Bxd3 7.
Qxd3 e6 8. Nc3 Qa6 9. O-O-O Qxd3 10. Rxd3 c5 11. Nb5 Na6 12. Ra3 Kd7 13. dxc5 Bxc5 14. Rf3 Rf8 15. Ne2 f6 16. exf6 gxf6 17. Be3 Bxe3+ 18.
Rxe3 Ra8 19. Rd1 Ne7 20. Nbd4 e5 21. Nf3 Kc6 22. Rc3+ Kd6 23. Kb1 Rac8 24. Rb3 Nc5 25. Rb4 a5 26. Rb5 Nc6 27. Ng3 Rc7 28. Nf5+ Ke6 29. Rxc5 Kxf5 30. Rdxd5 Rg8 31. g3 Rcc8 32. Rd7 b6 33. Rc3 Nb4 34. Rxc8 Rxc8 35. c3 Na6 36. Rd6 Rb8 37. Kc2 Nc5 38. Nd2 e4 39. Rd5+ Ke6 40. Rxh5 f5 41. Rh6+ Kd5 42. c4+ Ke5 43.
b3 Nd3 44. f4+ Kd4 45. Rd6+ Ke3 46. a3 Kf2 47. g4 Ne1+ 48. Kd1 e3 49. Nb1 e2+ 50. Kc1 Nd3+ 51. Rxd3 e1=Q+ 52. Kc2 Re8 53. gxf5 Re2+ 54. Nd2 Qa1 55. a4 Re1 56. Ne4+ Kg2 57. Rd2+ Kh3 58. f6 Rxe4 59. f7 Rxf4 60. Rd3+ Kxh4 61.
Rd2 Qa2+ 62. Kc3 Qxd2+ 63. Kxd2 Rxf7 0-1

[Event "Live Chess"]
[Site "Chess.com"]
[Date "2024.06.02"]
[Round "-"]
[White "Crowded_House"]
[Black "Dhaydon19"]
[Result "0-1"]
[WhiteElo "1669"]
[BlackElo "2636"]
[TimeControl "300"]
[EndTime "1:39:51 PDT"]
[Termination "Dhaydon19 won by resignation"]

1. d4 c6 2. c3 d5 3. Bg5 Nf6 4.
Nd2 Bf5 5. e3 e6 6. Ngf3 Nbd7 7.
Nb3 Bd6 8. Bd3 Bg6 9. Qc2 Qc7 10. O-O Ne4 11. Nbd2 Nxg5 12. Nxg5 Bxh2+ 13. Kh1 Bd6 14. Ngf3 Nf6 15. Rfe1 Ng4 16. Kg1 f5 17. Kf1 h5 18.
Ng5 Qe7 19. Ngf3 h4 20. Ke2 O-O-O 21. Rh1 Bf7 22. Rxh4 Rxh4 23. Nxh4 Qxh4 0-1

[Event "Live Chess"]
[Site "Chess.com"]
[Date "2024.06.02"]
[Round "-"]
[White "RichardABates"]
[Black "booktrunk"]
[Result "1-0"]
[WhiteElo "2370"]
[BlackElo "1512"]
[TimeControl "300"]
[EndTime "1:39:57 PDT"]
[Termination "RichardABates won by checkmate"]

1. d4 b6 2. e4 Bb7 3. Bd3 e6 4.
Nf3 h6 5. O-O Be7 6. c4 d6 7.
Nc3 Nd7 8. Qe2 c5 9. d5 Ne5 10.
Nxe5 dxe5 11. f4 exd5 12. Nxd5 Bxd5 13. cxd5 exf4 14. Bb5+ Kf8 15. Bxf4 Bg5 16. Bg3 a6 17. Bc6 Rc8 18. Qh5 Nf6 19. Qf3 Qe7 20. e5 Nh7 21. d6 Qd8 22. Qxf7# 1-0

[Event "Live Chess"]
[Site "Chess.com"]
[Date "2024.06.02"]
[Round "-"]
[White "ProfessorChess101"]
[Black "AlexanderMatlak"]
[Result "1-0"]
[WhiteElo "2727"]
[BlackElo "2408"]
[TimeControl "300"]
[EndTime "1:40:16 PDT"]
[Termination "ProfessorChess101 won by resignation"]

1. d4 Nf6 2. c4 c5 3. Nf3 cxd4 4. Nxd4 b6 5. Nc3 Bb7 6. Bg5 d6 7. Bxf6 gxf6 8. e4 Nd7 9. Nd5 h5 10. Be2 h4 11. Ne6 Bxd5 12. Nxd8 Bxe4 13. Nxf7 Kxf7 14.
Bh5+ Rxh5 15. Qxh5+ Bg6 16. Qd5+ 1-0

[Event "Live Chess"]
[Site "Chess.com"]
[Date "2024.06.02"]
[Round "-"]
[White "seasidecastle27"]
[Black "SergiiA"]
[Result "0-1"]
[WhiteElo "1939"]
[BlackElo "1552"]
[TimeControl "300"]
[EndTime "1:40:28 PDT"]
[Termination "SergiiA won by resignation"]

1. d4 d6 2. Nf3 Nf6 3. Nbd2 g6 4.
e4 Bg7 5. Bd3 Bg4 6. h3 Bxf3 7.
Qxf3 Nbd7 8. h4 c6 9. h5 Nxh5 10.
c3 Qc7 11. g4 Nhf6 12. g5 Nh5 13. Nc4 O-O-O 14. Bd2 f6 15. O-O-O fxg5 16. Bxg5 Nhf6 17. Qh3 Kb8 18. f4 e5 19. fxe5 dxe5 20. dxe5 Nxe5 21. Nxe5 Qxe5 22. Rhf1 Qxg5+ 23. Kb1 0-1

[Event "Live Chess"]
[Site "Chess.com"]
[Date "2024.06.02"]
[Round "-"]
[White "chessgoatpawel"]
[Black "Brooms1989"]
[Result "1-0"]
[WhiteElo "2056"]
[BlackElo "1141"]
[TimeControl "300"]
[EndTime "1:40:30 PDT"]
[Termination "chessgoatpawel won by resignation"]

1. e4 e5 2. Nf3 Nc6 3. Bb5 a6 4. Bxc6 dxc6 5. O-O Qf6 6. c3 Bg4 7. d4 Bxf3 8. Qxf3 Qxf3 9. gxf3 exd4 10. cxd4 O-O-O 11. Be3 Be7 12. Nc3 Nh6 13. Bxh6 gxh6 14. Rad1 Rhg8+ 15. Kh1 Rg6 16. Ne2 Rdg8 17. Ng3 Bh4 18. Nf5 Bg5 19. f4 Bd8 20. Rg1 Rxg1+ 21. Rxg1 Rxg1+ 22.
Kxg1 h5 23. Kg2 b5 24. Kf3 Kb7 25. e5 Kb6 26. Nh6 f6 27. e6 Be7 28. Ng8 Bf8 29. e7 Bxe7 30. Nxe7 c5 31. Ke4 c4 32. Nd5+ Kc6 33.
Nxf6 b4 34. Nxh7 c3 35. bxc3 bxc3 36. Kd3 c2 37. Kxc2 1-0

[Event "Live Chess"]
[Site "Chess.com"]
[Date "2024.06.02"]
[Round "-"]
[White "KeithArkell"]
[Black "friarnator"]
[Result "1-0"]
[WhiteElo "2396"]
[BlackElo "2153"]
[TimeControl "300"]
[EndTime "1:40:32 PDT"]
[Termination "KeithArkell won by resignation"]

1. d4 Nf6 2. Nf3 g6 3. c4 Bg7 4. Nc3 O-O 5. g3 d6 6. Bg2 Nbd7 7. d5 a6 8. O-O Rb8 9. Nd4 Ne5 10.
b3 c5 11. dxc6 Nxc6 12. Bxc6 bxc6 13. Nxc6 Qc7 14. Nxb8 Qxb8 15. Bb2 Bh3 16. Qd2 Ng4 17. Nd5 Bxb2 18. Nxe7+ Kg7 19. Qxb2+ f6 20. Nd5 Qa7 21. e3 h5 22. Nf4 Bxf1 23. Rxf1 Re8 24. Qd4 Qxd4 25.
exd4 g5 26. Nxh5+ Kg6 27. h3 Kxh5 28. hxg4+ Kxg4 29. Rc1 f5 30. Kg2 Re2 31. c5 dxc5 32. dxc5 f4 33. gxf4 gxf4 34. c6 f3+ 35. Kg1 Re8 36. c7 Rc8 37. Kh2 Rh8+ 38. Kg1 Rc8 39. Rc4+ Kf5 40. Kh2 Ke5 41. Kg3 Kd5 42. Kxf3 1-0

[Event "Live Chess"]
[Site "Chess.com"]
[Date "2024.06.02"]
[Round "-"]
[White "MaksymYurii"]
[Black "GEMdzq"]
[Result "0-1"]
[WhiteElo "997"]
[BlackElo "2301"]
[TimeControl "300"]
[EndTime "1:41:13 PDT"]
[Termination "GEMdzq won by checkmate"]

1. e4 Nf6 2. Nf3 Nxe4 3. Bd3 Nc5 4. Nc3 Nxd3+ 5. cxd3 e6 6. O-O Be7 7. b4 d5 8. b5 O-O 9. a4 d4 10. Ne4 f5 11. Ng3 Nd7 12. Ba3 Bxa3 13. Rxa3 e5 14. Re1 Qf6 15. Nh5 Qd6 16. Ra1 b6 17. Rc1 Bb7 18.
Qe2 Rae8 19. Nh4 Nc5 20. Nxg7 Kxg7 21. Qh5 Kh8 22. Nxf5 Qg6 23. Qxg6 hxg6 24. Nh4 Kg7 25. Re4 Bxe4 26. dxe4 Re7 27. g3 Nxe4 28. f4 Nxd2 29. fxe5 Nf3+ 30. Nxf3 Rxf3 31. Re1 Re3 32. Rxe3 dxe3 33.
Kf1 Rxe5 34. Ke2 Kf6 35. Kf3 Kf5 36. Ke2 Ke4 37. Ke1 Rc5 38. a5 Rc2 39. axb6 Kd3 40.
bxc7 Rc1# 0-1

[Event "Live Chess"]
[Site "Chess.com"]
[Date "2024.06.02"]
[Round "-"]
[White "NottheBishopSacrifice"]
[Black "DavrosLight"]
[Result "1-0"]
[WhiteElo "2316"]
[BlackElo "791"]
[TimeControl "300"]
[EndTime "1:41:33 PDT"]
[Termination "NottheBishopSacrifice won by resignation"]

1. Nf3 Nf6 2. g3 e6 3. Bg2 d5 4. O-O Nc6 5. d4 Bd6 6. c4 dxc4 7. Qa4 Bd7 8. Qxc4 O-O 9. Nc3 Na5 10. Qd3 a6 11. e4 Bb5 12. Nxb5 axb5 13. e5 Bxe5 14.
Nxe5 c5 15. Qxb5 cxd4 16. Bd2 Qc7 17. Rac1 Qd6 18. Bb4 Qa6 19. Qxa6 Rxa6 20. Bxf8 Kxf8 21. Rc8+ Ne8 22. Nd7+ Ke7 23. Nc5 Rd6 24. Nxb7 d3 25. Nxa5 d2 26. Nc6+ Kf8 27. Rd1 f5 28. Ne5 Rd5 29.
Bxd5 exd5 30. Rxd2 1-0

[Event "Live Chess"]
[Site "Chess.com"]
[Date "2024.06.02"]
[Round "-"]
[White "JanMur7"]
[Black "yarek"]
[Result "1-0"]
[WhiteElo "2280"]
[BlackElo "1733"]
[TimeControl "300"]
[EndTime "1:41:48 PDT"]
[Termination "JanMur7 won by resignation"]

1. d4 g6 2. c4 Bg7 3. Nc3 c6 4. e4 d6 5. Be2 Nf6 6. Be3 O-O 7.
g4 e5 8. d5 cxd5 9. cxd5 Qa5 10. f3 Na6 11. h4 h5 12. g5 Nd7 13. a3 Qd8 14. Nh3 Ndc5 15. b4 Nd7 16. Nf2 b6 17.
Rc1 Nc7 18. Nb5 Nxb5 19. Bxb5 Nb8 20. Qc2 Ba6 21. a4 Bxb5 22. axb5 a6 23. Qc7 axb5 24. Qxd8 Rxd8 25. Bxb6 Rd7 26. Rc8+ Kh7 27. Ba5 Na6 28. Rxa8 1-0

[Event "Live Chess"]
[Site "Chess.com"]
[Date "2024.06.02"]
[Round "-"]
[White "Queensandpawns"]
[Black "MagnersCarlsberg2870"]
[Result "1-0"]
[WhiteElo "2272"]
[BlackElo "1807"]
[TimeControl "300"]
[EndTime "1:41:55 PDT"]
[Termination "Queensandpawns won by resignation"]

1. e4 e5 2. d4 exd4 3. c3 Nf6 4. Bc4 d5 5. exd5 Nxd5 6. Nf3 Be6 7. O-O Bd6 8. Nxd4 Qh4 9. g3 Qh3 10. Nxe6 fxe6 11.
Bxd5 exd5 12. Qxd5 Nc6 13. Re1+ Kd7 14. Qf7+ Ne7 15. Bg5 Rae8 16. Bxe7 Rxe7 17. Rxe7+ Bxe7 18. Na3 Qg4 19. f3 Qa4 20. Nc4 Rf8 21. Ne5+ Kd6 22.
Nc4+ Kd7 23. Ne5+ Kd6 24. Qxg7 Qc2 25. Nc4+ Kc6 26. Qxe7 1-0

[Event "Live Chess"]
[Site "Chess.com"]
[Date "2024.06.02"]
[Round "-"]
[White "booktrunk"]
[Black "AndyJWise"]
[Result "1-0"]
[WhiteElo "1513"]
[BlackElo "1044"]
[TimeControl "300"]
[EndTime "1:41:57 PDT"]
[Termination "booktrunk won by resignation"]

1. d4 Nf6 2. Nc3 g6 3. Bf4 Bg7 4. Nb5 Nd5 5. Bg3 d6 6. c3 O-O 7. h4 Nc6 8. h5 e5 9. hxg6 fxg6 10. dxe5 Nxe5 11. Qxd5+ 1-0

[Event "Live Chess"]
[Site "Chess.com"]
[Date "2024.06.02"]
[Round "-"]
[White "JohanKjeldahl"]
[Black "TheSmoulderingMaster"]
[Result "0-1"]
[WhiteElo "1817"]
[BlackElo "1764"]
[TimeControl "300"]
[EndTime "1:42:10 PDT"]
[Termination "TheSmoulderingMaster won by resignation"]

1. e4 c5 2. Nf3 d6 3. d4 cxd4 4. Nxd4 Nc6 5. Nc3 Nf6 6. Be3 g6 7. f3 Bg7 8. Bc4 O-O 9. Qd2 Ne5 10.
Bb3 Bd7 11. h4 Qa5 12. O-O-O Rfc8 13. Kb1 b5 14. Nd5 Qd8 15. g4 a5 16. a3 b4 17.
h5 a4 18. Ba2 b3 19. cxb3 axb3 20. Bxb3 Nc4 21. Bxc4 Rxc4 22. hxg6 fxg6 23. Bh6 Bh8 24. Qd3 Rcc8 25. Qb3 e6 26. Nb6 Rcb8 27. Nxe6 Qxb6 28.
Qxb6 Rxb6 29. Nd4 Rxa3 30. Rhf1 Ba4 31. Rd2 Nd7 32. Ne6 Ne5 33. Rc1 Nxf3 34. Rc8+ Kf7 35. Ng5+ Nxg5 36. Rxh8 Nxe4 37. Rxh7+ Ke6 38. Re2 Kd5 39.
Re7 Nc3+ 40. Kc1 Ra1+ 41. Kd2 Nxe2 42. Rxe2 Rxb2+ 0-1

[Event "Live Chess"]
[Site "Chess.com"]
[Date "2024.06.02"]
[Round "-"]
[White "vincents82"]
[Black "r0ad_t0-gm"]
[Result "0-1"]
[WhiteElo "2010"]
[BlackElo "2253"]
[TimeControl "300"]
[EndTime "1:42:43 PDT"]
[Termination "r0ad_t0-gm won by resignation"]

1. e4 Nf6 2. e5 Nd5 3. d4 Nb6 4. Nf3 d6 5. Be2 Bg4 6. O-O Nc6 7. c3 g6 8. Bf4 Bg7 9. Nbd2 O-O 10. exd6 cxd6 11.
h3 Bxf3 12. Nxf3 e5 13. dxe5 dxe5 14. Bg3 Qe7 15. Bb5 Rac8 16. Bxc6 Rxc6 17. Qe2 Re8 18. Rfe1 f6 19. Rad1 Kh8 20. Nd2 Na4 21. Nb3 Rd6 22. Rxd6 Qxd6 23. f3 Rd8 24. Bf2 b6 25. Be3 Qd3 26.
Qxd3 Rxd3 27. Re2 Nxb2 28. Bxb6 axb6 29. Rxb2 Rxc3 30. Nd2 Rc6 31. Kf2 Bf8 32. Ke2 Bc5 33. Ne4 Bd4 34. Rd2 Kg7 35. g4 f5 36. Nf2 Kf6 37.
Nd3 Rc3 38. Nb4 Re3+ 39. Kf2 Rb3+ 40. Rxd4 Rb2+ 41. Ke3 exd4+ 42. Kxd4 Rxb4+ 0-1

[Event "Live Chess"]
[Site "Chess.com"]
[Date "2024.06.02"]
[Round "-"]
[White "ameetghasi100"]
[Black "raimundklein"]
[Result "1-0"]
[WhiteElo "2792"]
[BlackElo "1570"]
[TimeControl "300"]
[EndTime "1:43:02 PDT"]
[Termination "ameetghasi100 won on time"]

1. c4 Nf6 2. Nf3 g6 3. h4 Bg7 4. Nc3 d6 5. d4 Bg4 6. h5 Bxh5 7. Qb3 b6 8. g3 O-O 9. Bg2 c6 10. Bg5 Qc7 11. d5 c5 12. Nd2 h6 13. Be3 g5 14. f4 gxf4 15. gxf4 Bg6 16. Bg1 Nbd7 17. e4 e6 18. Be3 Rae8 19. O-O-O exd5 20. cxd5 a6 21.
a4 Rb8 22. Bf1 b5 23. axb5 axb5 24. Nxb5 Qa5 25. f5 Bh7 26. Bxh6 Nxe4 27. Nxe4 Bxf5 28. Bxg7 Kxg7 29. Qc3+ Qxc3+ 30. Nexc3 f6 31. Nxd6 Bg6 32. Bh3 Ne5 33. Nf5+ Kf7 34. d6 Rh8 35. d7 Rbd8 36.
Nd6+ Ke7 37. Nc8+ Kf7 38. Bg2 Rxh1 39. Bxh1 Rxd7 40. Rxd7+ Nxd7 41. Nd6+ Ke6 42. Nc4 f5 43. Ne3 f4 44. Ng4 Kf5 45. Nf2 Bh5 46. Be4+ Ke5 47.
Kd2 Nf6 48. Bc2 Kd4 49. Nb5+ Kc4 50. Na3+ Kd4 51. Bd3 Nd5 52. Nc2+ Ke5 53. Bc4 Nb6 54. Nd3+ Kd6 55. Bg8 f3 56. Ne3 Na4 57. b3 Nb6 58. Nf2 Nd7 59. Nc4+ Kc6 60. Bh7 Kd5 61. Ke3 Nf6 62.
Be4+ Nxe4 63. Nxe4 1-0

[Event "Live Chess"]
[Site "Chess.com"]
[Date "2024.06.02"]
[Round "-"]
[White "CheckThis4"]
[Black "Hoogleboogle"]
[Result "1-0"]
[WhiteElo "2695"]
[BlackElo "1363"]
[TimeControl "300"]
[EndTime "1:43:19 PDT"]
[Termination "CheckThis4 won by checkmate"]

1. d4 Nf6 2. Nc3 e6 3. e4 Bb4 4. e5 Nd5 5. Bd2 Nxc3 6. bxc3 Ba5 7. Qg4 O-O 8. Bd3 g6 9. h4 f5 10. exf6 Qxf6 11. Nf3 d6 12. Qe4 d5 13. Qe3 Nc6 14.
h5 Ne7 15. hxg6 hxg6 16. Qh6 Qg7 17. Qh4 Nf5 18. Bxf5 exf5 19. Kf1 Bd7 20. Bh6 Qh7 21. Ng5 Qh8 22. Bxf8 Rxf8 23. Qxh8# 1-0

[Event "Live Chess"]
[Site "Chess.com"]
[Date "2024.06.02"]
[Round "-"]
[White "NeilDruggan73"]
[Black "RockTroll"]
[Result "0-1"]
[WhiteElo "1695"]
[BlackElo "2179"]
[TimeControl "300"]
[EndTime "1:43:24 PDT"]
[Termination "RockTroll won by resignation"]

1. d4 Nf6 2. Bg5 g6 3. Bxf6 exf6 4. e3 Bg7 5. Nd2 d5 6. g3 O-O 7. Bg2 c6 8. b3 Nd7 9. Ne2 f5 10. O-O Nf6 11. Rc1 Ne4 12. c4 h5 13. cxd5 cxd5 14.
Nc3 h4 15. Ncxe4 fxe4 16. Rc5 h3 17. Bh1 b6 18. Rc3 Ba6 19. Re1 Rc8 20. Nb1 Rxc3 21. Nxc3 Qd7 22. Qd2 Rc8 23. Rc1 Bf8 24. Nxd5 Qxd5 25.
Rxc8 Bxc8 26. Qc2 Ba6 27. Bxe4 Qb5 28. Qb1 Qe2 29. b4 Bxb4 30. d5 Be1 31. Bg2 Qxf2+ 0-1

[Event "Live Chess"]
[Site "Chess.com"]
[Date "2024.06.02"]
[Round "-"]
[White "lateforthesky"]
[Black "NAZRIZ1977"]
[Result "0-1"]
[WhiteElo "2070"]
[BlackElo "2131"]
[TimeControl "300"]
[EndTime "1:43:50 PDT"]
[Termination "NAZRIZ1977 won by resignation"]

1. e4 d6 2. d4 Nf6 3. Nc3 Nbd7 4. f4 e5 5. Nf3 exd4 6. Qxd4 Be7 7. Be3 O-O 8.
O-O-O a6 9. h3 b5 10. e5 Ne8 11. Nd5 Bb7 12. Nxe7+ Qxe7 13. Kb1 d5 14. f5 c5 15.
Qf4 d4 16. Bc1 Bxf3 17. Qxf3 Nc7 18. f6 gxf6 19. exf6 Qxf6 20. Qg3+ Kh8 21. Qxc7 Ne5 22. Qxc5 Rac8 23. Qxd4 Rfd8 24. Qxd8+ Rxd8 25. Rxd8+ Qxd8 26. Be2 Nc4 27. Rd1 Qe7 28. Bf3 Kg7 29. b3 Na3+ 30.
Bxa3 Qxa3 31. Rd7 Qc5 32. Bd5 a5 33. Rxf7+ Kg6 34. c4 a4 35. Rb7 a3 36. Rxb5 Qd4 37.
Kc1 Qb2+ 38. Kd1 Qxa2 39. c5 Qb1+ 40. Kd2 a2 0-1

[Event "Live Chess"]
[Site "Chess.com"]
[Date "2024.06.02"]
[Round "-"]
[White "Pandreq"]
[Black "missedJariChance"]
[Result "0-1"]
[WhiteElo "1195"]
[BlackElo "1356"]
[TimeControl "300"]
[EndTime "1:44:33 PDT"]
[Termination "missedJariChance won by resignation"]

1. d4 d5 2. c4 e6 3. a3 Nf6 4. Bg5 Be7 5. Nc3 O-O 6. e3 c5 7. cxd5 Nxd5 8. Nxd5 Bxg5 9. Nc3 cxd4 10. Qxd4 Nc6 11. Qxd8 Rxd8 12. Nf3 Bf6 13. Bb5 Ne5 14. Nxe5 Bxe5 15. O-O a6 16. Ba4 b5 17. Bc2 Rd2 18.
Rac1 Bb7 19. Rfd1 Rad8 20. Nb1 Rxd1+ 21. Rxd1 Rxd1+ 22. Bxd1 Bxb2 23. f3 g6 24. e4 Kg7 25.
Kf2 Kf6 26. Ke3 Ke5 27. Be2 Bd4+ 28. Kd2 Bg1 29. h3 Kd4 30. g4 Bh2 31. Bd1 Bf4+ 32.
Kc2 Kc4 33. Kb2 b4 34. axb4 Kxb4 35. Nc3 Bc6 36. Ne2 Bh6 37. Nd4 Bb5 38. h4 Bg7 0-1

[Event "Live Chess"]
[Site "Chess.com"]
[Date "2024.06.02"]
[Round "-"]
[White "Vladyslav2008"]
[Black "jellhhggffhjjjjjj"]
[Result "1-0"]
[WhiteElo "2255"]
[BlackElo "402"]
[TimeControl "300"]
[EndTime "1:44:35 PDT"]
[Termination "Vladyslav2008 won by resignation"]

1. e4 d5 2. exd5 Nf6 3. d4 Nxd5 4. c4 Nf6 5. Nc3 Nc6 6. Nf3 e5 7. d5 Nd4 8. Nxd4 exd4 9. Qxd4 Bb4 10. Bd3 Qe7+ 11.
Be3 Bd7 12. O-O O-O 13. Rfe1 Qd6 14. Bf4 Qb6 15. Qxb6 axb6 16. Bxc7 Bc5 17. a3 Bd4 18.
Be5 Bxe5 19. Rxe5 Rae8 20. Rae1 g6 21. Rxe8 Rxe8 22. Rxe8+ Nxe8 23. b4 Nd6 24. c5 Nf5 25. Bxf5 Bxf5 26. cxb6 Kg7 27. f4 h5 28. Kf2 Bd3 29.
Ke3 Bc4 30. Kd4 Bf1 31. g3 Bb5 32. Nxb5 1-0

[Event "Live Chess"]
[Site "Chess.com"]
[Date "2024.06.02"]
[Round "-"]
[White "upoe610"]
[Black "MagnersCarlsberg2870"]
[Result "1-0"]
[WhiteElo "2188"]
[BlackElo "1805"]
[TimeControl "300"]
[EndTime "1:44:45 PDT"]
[Termination "upoe610 won by resignation"]

1. c4 e5 2. g3 Nf6 3. Bg2 Bc5 4.
Nc3 d6 5. a3 a5 6. Nf3 Bg4 7.
h3 Be6 8. d3 Qd7 9. e3 Nc6 10.
d4 e4 11. Nd2 Bxd4 12. exd4 Nxd4 13. Ndxe4 c5 14. Nxf6+ gxf6 15. Be3 Nf5 16. Nd5 Bxd5 17. Qxd5 Nxe3 18. fxe3 Qe7 19. O-O Qxe3+ 20. Kh2 O-O 21. Rae1 1-0

[Event "Live Chess"]
[Site "Chess.com"]
[Date "2024.06.02"]
[Round "-"]
[White "chessgoatpawel"]
[Black "seasidecastle27"]
[Result "1-0"]
[WhiteElo "2078"]
[BlackElo "1933"]
[TimeControl "300"]
[EndTime "1:44:48 PDT"]
[Termination "chessgoatpawel won by resignation"]

1. e4 e6 2. d4 d5 3. e5 c5 4.
c3 Nc6 5. Nf3 Bd7 6. Na3 cxd4 7.
cxd4 Bb4+ 8. Bd2 Qa5 9. Nc2 Bxd2+ 10. Qxd2 Qxd2+ 11. Kxd2 Nge7 12. Bd3 Rc8 13. Rac1 O-O 14. b3 Rc7 15. Ne3 Rfc8 16. Bb1 Ng6 17. Bxg6 hxg6 18. h4 Ne7 19. Rxc7 Rxc7 20. h5 gxh5 21. Rxh5 Ng6 22.
g3 Bb5 23. Ng5 a5 24. f4 a4 25. f5 axb3 26. axb3 Bd7 27. fxg6 fxg6 28. Rh1 1-0

[Event "Live Chess"]
[Site "Chess.com"]
[Date "2024.06.02"]
[Round "-"]
[White "Dhaydon19"]
[Black "RichardABates"]
[Result "1-0"]
[WhiteElo "2639"]
[BlackElo "2367"]
[TimeControl "300"]
[EndTime "1:44:50 PDT"]
[Termination "Dhaydon19 won by resignation"]

1. d4 Nf6 2. Nf3 g6 3. g3 Bg7 4. Bg2 O-O 5. O-O d5 6. c3 c5 7. Nbd2 cxd4 8. Nxd4 e5 9. N4b3 Nc6 10. e4 Bg4 11.
Bf3 Bh3 12. Re1 dxe4 13. Nxe4 Nxe4 14. Bxe4 Qxd1 15. Rxd1 Rad8 16. Be3 f5 17. Bd5+ Kh8 18. Bc5 Rfe8 19. Bf7 Rxd1+ 20. Rxd1 Rd8 21. Rxd8+ Nxd8 22. Bd5 f4 23. Bxa7 Bf5 24. Nc5 Nc6 25. Bb6 fxg3 26. hxg3 Bh6 27. Nxb7 Ne7 28. Bg2 Bc1 29. b4 Bd2 30. Bc5 Nc8 31. c4 e4 32. b5 Kg7 33.
a4 Be6 34. Bf1 Kf7 35. Nd8+ 1-0

[Event "Live Chess"]
[Site "Chess.com"]
[Date "2024.06.02"]
[Round "-"]
[White "friarnator"]
[Black "vincents82"]
[Result "1-0"]
[WhiteElo "2168"]
[BlackElo "2005"]
[TimeControl "300"]
[EndTime "1:44:54 PDT"]
[Termination "friarnator won by resignation"]

1. d4 d5 2. Nc3 Nf6 3. Bf4 g6 4. Qd2 Bg7 5. Bh6 O-O 6. h4 Ne4 7. Nxe4 dxe4 8. c3 Nc6 9. h5 e5 10. hxg6 exd4 11. Bxg7 Kxg7 12. Qh6+ Kf6 13. g7+ 1-0

[Event "Live Chess"]
[Site "Chess.com"]
[Date "2024.06.02"]
[Round "-"]
[White "juniortay"]
[Black "Keithdfg"]
[Result "1-0"]
[WhiteElo "2378"]
[BlackElo "1758"]
[TimeControl "300"]
[EndTime "1:45:03 PDT"]
[Termination "juniortay won on time"]

1. e4 d6 2. Nc3 Nf6 3. f4 Nbd7 4. Nf3 e5 5. Bc4 h6 6. d3 Be7 7. O-O c6 8. a4 Qc7 9. Kh1 exf4 10. Bxf4 Ne5 11. Nxe5 dxe5 12. Be3 Bg4 13. Qe1 Bh5 14. Qg3 Bg6 15. Rf2 h5 16. h3 h4 17. Qh2 Nh5 18. Ne2 Bf6 19. a5 O-O 20. b4 b5 21.
axb6 axb6 22. Raf1 Ra4 23. c3 Ra3 24. g4 hxg3 25.
Nxg3 Nf4 26. Rg1 b5 27. Bc1 Rxc3 28. Ba2 Nxd3 29. Rxf6 gxf6 30. Nf5 Rxc1 31. Qg3 1-0

[Event "Live Chess"]
[Site "Chess.com"]
[Date "2024.06.02"]
[Round "-"]
[White "Queensandpawns"]
[Black "JohanKjeldahl"]
[Result "1-0"]
[WhiteElo "2273"]
[BlackElo "1816"]
[TimeControl "300"]
[EndTime "1:45:05 PDT"]
[Termination "Queensandpawns won by resignation"]

1. e4 c5 2. d4 cxd4 3. c3 dxc3 4. Bc4 e6 5. Nxc3 Nc6 6. Nf3 a6 7.
O-O b5 8. Bb3 Bb7 9. Re1 Be7 10.
Nd5 Nf6 11. Nxe7 Qxe7 12. Bf4 O-O 13. Bd6 Qd8 14. Bxf8 Kxf8 15. Qd2 Qe7 16. e5 Ng4 17. h3 Nh6 18. Rad1 Rd8 19. Ng5 Kg8 20. Bc2 Nf5 21. g4 Nfd4 22. Bxh7+ Kh8 23. Be4 Qxg5 24. Qxg5 1-0

[Event "Live Chess"]
[Site "Chess.com"]
[Date "2024.06.02"]
[Round "-"]
[White "AlanBstard10"]
[Black "jimwad"]
[Result "1-0"]
[WhiteElo "1213"]
[BlackElo "1304"]
[TimeControl "300"]
[EndTime "1:45:13 PDT"]
[Termination "AlanBstard10 won on time"]

1. b4 d5 2. Bb2 e6 3. e3 Bxb4 4. Bxg7 Qg5 5. Bxh8 f6 6. Nc3 Bxc3 7. dxc3 Nc6 8. Nf3 Qg6 9. Nd4 Bd7 10. Nxc6 Bxc6 11. Qd3 Qg5 12. g3 O-O-O 13. Rg1 Ne7 14. Bg2 Rxh8 15.
Rb1 Rd8 16. h4 Qe5 17. f4 Qd6 18. Qxh7 Nf5 19. Qh5 Nxe3 20. Qe2 Nf5 21. Kf2 Qc5+ 22. Ke1 Qxc3+ 23. Qd2 Qxg3+ 24. Qf2 Qxf2+ 25. Kxf2 Nxh4 26.
Kg3 Nf5+ 27. Kg4 Ne3+ 28. Kf3 Nxc2 29. Rgc1 Nd4+ 30. Kf2 Nf5 31. Bh3 Ng7 32. Re1 f5 33.
Rg1 Ne8 34. Rg6 Bd7 35. Rb3 Nd6 36. Ra3 a6 37. Bf1 Ne4+ 38. Ke1 Rh8 39. Rb3 Nc5 40. Rbg3 Ne4 41. Rg8+ Rxg8 42. Rxg8+ Be8 43. Rxe8+ Kd7 44.
Rb8 b6 45. Bxa6 Nc5 46. Bc8+ Kd6 47. Ra8 Nd3+ 48. Kd2 Nxf4 49. Ra3 Ng6 50. Rg3 Ne5 51. Rg7 Nc4+ 52. Kc3 1-0

[Event "Live Chess"]
[Site "Chess.com"]
[Date "2024.06.02"]
[Round "-"]
[White "TJ-W"]
[Black "ProfessorChess101"]
[Result "0-1"]
[WhiteElo "1571"]
[BlackElo "2727"]
[TimeControl "300"]
[EndTime "1:45:18 PDT"]
[Termination "ProfessorChess101 won by resignation"]

1. e4 c5 2. Nc3 a6 3. d4 cxd4 4. Qxd4 Nc6 5. Qe3 Nf6 6. Bd2 d5 7. exd5 Nxd5 8. Nxd5 Qxd5 9. O-O-O Qxa2 10. c4 Qa1+ 11. Kc2 Qa4+ 12. Kb1 Qxd1+ 13. Ka2 Qxf1 0-1

[Event "Live Chess"]
[Site "Chess.com"]
[Date "2024.06.02"]
[Round "-"]
[White "matt1979"]
[Black "EdenHazard8"]
[Result "0-1"]
[WhiteElo "1408"]
[BlackElo "2201"]
[TimeControl "300"]
[EndTime "1:45:20 PDT"]
[Termination "EdenHazard8 won by checkmate"]

1. f4 d5 2. e3 c5 3. Nf3 Nc6 4. Bb5 Nf6 5. O-O Bd7 6. Bxc6 Bxc6 7. Ne5 e6 8. b3 Bd6 9. Bb2 O-O 10. Nxc6 bxc6 11.
Qf3 Re8 12. Qh3 Bf8 13. Rf3 d4 14. Rg3 Ne4 15. Rg4 f5 16. Rh4 h6 17. d3 Nf6 18.
Nd2 dxe3 19. Qxe3 Ng4 20. Qg3 c4 21. h3 Bc5+ 22. Kf1 Bf2 23. Qf3 Qxh4 24. hxg4 Bg3 25.
Nxc4 fxg4 26. Qxc6 Bxf4 27. Qd7 Re7 28. Qd4 Rf8 29.
Ke2 Bg3 30. Rf1 Rxf1 31. Kxf1 Qh1+ 32. Ke2 Qxg2+ 33. Kd1 Qf3+ 34. Kd2 Bf4+ 35. Kc3 Qe2 36. Qd8+ Kh7 37. Qxe7 Qe1+ 38. Kd4 g3 39. Kc5 e5 40. Kd5 g2 41. Nxe5 g1=Q 42. Bd4 Qg2+ 43. Kc4 Qxc2+ 44. Kd5 Qa5+ 45. Ke4 Bxe5 46. Bxe5 Qe2+ 47. Kf5 Qf3+ 48. Ke6 Qb6+ 49. Kd7 Qfc6# 0-1

[Event "Live Chess"]
[Site "Chess.com"]
[Date "2024.06.02"]
[Round "-"]
[White "Zhevzh1k7"]
[Black "StoreySniper"]
[Result "0-1"]
[WhiteElo "1097"]
[BlackElo "2501"]
[TimeControl "300"]
[EndTime "1:45:34 PDT"]
[Termination "StoreySniper won by resignation"]

1. e4 g6 2. Nf3 Bg7 3. d4 c5 4. Bc4 cxd4 5. Nxd4 Qa5+ 6. c3 Nf6 7. Bf4 e5 8. Nb3 Qc7 9. Bxf7+ Kxf7 10. Bg3 d6 11.
O-O Rf8 12. N1d2 Kg8 13. Nf3 Bg4 14. h3 Bxf3 15. Qxf3 Nbd7 16. Rad1 Nc5 17. Nxc5 Qxc5 18. Qd3 Rad8 19. Bh4 h6 20. Kh1 g5 21. Bg3 Nh5 22. Bh2 Rxf2 23. Rxf2 Qxf2 24. Qd5+ Kh8 25. Qxb7 Nf4 26. Bxf4 exf4 27. Qc7 Rf8 28. Rxd6 f3 29.
Rxh6+ Bxh6 30. Qe5+ Bg7 31. Qxg5 Qf1+ 32. Kh2 Qxg2+ 33.
Qxg2 fxg2 34. Kxg2 Rf4 35. Kg3 Rxe4 36. Kf3 Re1 37.
Kg4 Rb1 0-1